 Dungeon Crawl Stone Soup version 0.19-a0-1065-gdac414d (webtiles) character file.

705 Musica the Shield-Bearer (level 7, 0/57 HPs)
             Began as a Formicid Fighter on Aug 4, 2016.
             Slain by a slave (5 damage)
             ... led by Pikel
             ... on level 4 of the Dungeon.
             The game lasted 00:13:36 (3002 turns).

Musica the Shield-Bearer (Formicid Fighter)         Turns: 3002, Time: 00:13:37

Health: 0/57       AC:  6    Str: 18    XL:     7   Next: 99%
Magic:  7/7        EV:  9    Int:  8    God:
Gold:   180        SH: 11    Dex: 10    Spells: 0 memorised, 6 levels left

rFire  . . .     SeeInvis +     a - +2 trident
rCold  . . .     Gourm    .     b - +0 scale mail
rNeg   . . .     Faith    .     c - +1 shield
rPois  .         Spirit   .     (helmet unavailable)
rElec  .         Dismiss  .     (no cloak)
rCorr  .         Reflect  .     (no gloves)
SustAt .         Harm     .     (no boots)
MR     .....                    (no amulet)
Stlth  ..........               (no ring)
                                (no ring)

@:
A: permanent stasis, dig shafts and tunnels, four strong arms, antennae 3, claws
1, clumsy 1, weak 1
a: Dig, Shaft Self


You were on level 4 of the Dungeon.
You were hungry.

You visited 1 branch of the dungeon, and saw 4 of its levels.
You also visited: Sewer.

You collected 180 gold pieces.

Inventory:

Hand Weapons
 a - a +2 trident (weapon)
 l - a +0 spear
Missiles
 m - 5 poisoned needles
 q - 4 javelins of returning (quivered)
Armour
 b - a +0 scale mail (worn)
 c - a +1 shield (worn)
Magical Staves
 r - an uncursed staff of summoning
Jewellery
 g - an uncursed ring of sustain attributes
Wands
 e - a wand of hasting (3/9)
Potions
 h - 2 potions of curing {unknown}
 n - a potion of brilliance {unknown}
Comestibles
 d - 3 fruits
 f - a bread ration
 i - a meat ration
 j - 3 beef jerkies


   Skills:
 + Level 5.9 Fighting
 + Level 4.1 Polearms
 - Level 3.2 Armour
 + Level 7.8 Shields


You had 6 spell levels left.
You didn't know any spells.

Dungeon Overview and Level Annotations

Branches:
Dungeon (4/15)
 Temple: D:4-7

Altars:
Fedhas
Gozag
Vehumet
Xom

Annotations:
D:4 Pikel


Innate Abilities, Weirdness & Mutations

You are under a permanent stasis effect.
You can dig through walls and to a lower floor.
Your four strong arms can wield two-handed weapons with a shield.
You have a pair of large antennae on your head. (SInv)
You have sharp fingernails.
You are clumsy. (Dex -2)
You are weak. (Str -2)


Message History

You miss Pikel.
Pikel is moderately wounded.
The slave closely misses you. Pikel hits you with a whip of freezing.
Pikel freezes you. The slave closely misses you. x2
You hit Pikel but do no damage.
Pikel is moderately wounded.
You block Pikel's attack. You block the slave's attack. The slave hits you.
* * * LOW HITPOINT WARNING * * *
You barely miss Pikel.
Pikel is moderately wounded.
You block Pikel's attack. The slave hits you.
* * * LOW HITPOINT WARNING * * *
The slave hits you but does no damage. Pikel hits you with a whip of freezing.
* * * LOW HITPOINT WARNING * * *
Pikel freezes you.
* * * LOW HITPOINT WARNING * * *
You miss Pikel.
Pikel is moderately wounded.
You block the slave's attack. The slave hits you.
You die...

.#### #. ....### #.#
......## .. ........# #.
# .........## #.##
####..
...........##..###......
............##.......#
.............#.p@.#### #
.........pK## ####
#####..#Opp.## ...#
##..##.....## .###
##..###......##
...######..###........##
####..##..###..........#
.........####..........#
.........# #5...........


You could see Pikel, an ogre and 4 slaves.

Vanquished Creatures
  The ghost of Musica the Covert, a novice OpAs (Sewer)
  A crocodile (Sewer)
  3 crimson imps (D:4)
  Ijyb (D:2)
  2 orc wizards
  2 worker ants (D:4)
  Robin (D:3)
  3 adders
  An adder skeleton (D:4)
  A worm (D:2)
  A dart slug (D:2)
  5 giant geckos (D:3)
  7 orcs
  A ball python (D:3)
  5 giant cockroaches
  17 goblins
  10 hobgoblins
  6 jackals
  9 kobolds
  9 bats
  5 giant newts
  2 jackal skeletons (D:4)
  7 rats
100 creatures vanquished.

Notes
Turn   | Place    | Note
-------+----------+-------------------------------------------
     0 | D:1      | Musica the Formicid Fighter began the quest for the Orb.
     0 | D:1      | Reached XP level 1. HP: 18/18 MP: 1/1
   154 | D:1      | Reached XP level 2. HP: 22/24 MP: 2/2
   405 | D:1      | Reached skill level 4 in Shields
   409 | D:1      | Reached XP level 3. HP: 29/30 MP: 3/3
   970 | D:3      | Reached XP level 4. HP: 25/38 MP: 4/4
  1165 | D:3      | Noticed Robin
  1187 | D:3      | Killed Robin
  1187 | D:3      | Reached skill level 5 in Shields
  1187 | D:3      | Reached XP level 5. HP: 29/43 MP: 5/5
  1325 | D:3      | Found a glowing drain.
  1360 | Sewer    | Entered a sewer
  1408 | Sewer    | Noticed a crocodile
  1411 | Sewer    | Noticed Musica's ghost (novice OpAs)
  1412 | Sewer    | Gained mutation: You are weak. (Str -2) [potion of mutation]
  1412 | Sewer    | Gained mutation: You are clumsy. (Dex -2) [potion of mutation]
  1412 | Sewer    | Gained mutation: You have sharp fingernails. [potion of mutation]
  1421 | Sewer    | Killed a crocodile
  1421 | Sewer    | Reached XP level 6. HP: 31/50 MP: 6/6
  1441 | Sewer    | Killed Musica's ghost
  1441 | Sewer    | Reached skill level 5 in Fighting
  1441 | Sewer    | Reached skill level 7 in Shields
  1441 | Sewer    | Reached XP level 7. HP: 8/56 MP: 7/7
  1859 | D:2      | Noticed Ijyb
  1880 | D:2      | Killed Ijyb
  2436 | D:2      | Found a blossoming altar of Fedhas.
  2438 | D:2      | Found an opulent altar of Gozag.
  2670 | D:4      | Found a radiant altar of Vehumet.
  2865 | D:4      | Found a shimmering altar of Xom.
  2984 | D:4      | Noticed Pikel
  3002 | D:4      | Slain by a slave

Vault maps used:
D:1:      eino_arrival_cavern_b, roderic_roman_lattice
D:2:      nicolae_overflow_hidden_temple, serial_park_tiny_pond, uniq_iyjb
D:3:      portal_sewer_entry_f, uniq_robin
D:4:      lemuel_doored_altar, nicolae_ossuary_entry_plus, led_xom_imps,
          uniq_pikel
Sewer:    sewer_big_baddie

Skill      XL: |  1  2  3  4  5  6  7 |
---------------+----------------------+-----
Shields        | 4 5 7 |  7.8
Fighting       | 4 5 |  5.9
Polearms       | 3 4 |  4.1
Armour         | |  3.2

Action                   |  1- 3 |  4- 6 |  7- 9 || total
-------------------------+-------+-------+-------++-------
Melee: Trident           |    20 |    31 |   168 ||   219
       Spear             |    95 |   138 |       ||   233
  Use: Scroll            |     5 |     5 |     1 ||    11
       Potion            |     1 |     6 |       ||     7
  Eat: Chunk             |       |     2 |     5 ||     7
Armor: Scale mail        |    40 |    66 |    41 ||   147
Dodge: Dodged            |    32 |    53 |    50 ||   135
Block: Shield            |    47 |   124 |    79 ||   250
